 Dungeon Crawl Stone Soup version 0.29.1-1-gd02db6906a (webtiles) character file.

Game seed: 4003885566851281414

1313 112233 the Geomancer (level 8, -4/51 HPs)
             Began as an Octopode Earth Elementalist on Oct 6, 2022.
             Slain by an orc wizard
             ... wielding a +0 dagger
              (5 damage)
             ... on level 6 of the Dungeon.
             The game lasted 00:03:40 (4677 turns).

112233 the Geomancer (Octopode Earth Elementalist)  Turns: 4677, Time: 00:03:42

Health: -4/51      AC:  1    Str:  8    XL:     8   Next: 58%
Magic:  14/23      EV: 14    Int: 19    God:
Gold:   311        SH:  0    Dex: 12    Spells: 9/15 levels left

rFire   . . .      SeeInvis .   A - +8 dagger "Zyri" {flame, rCorr}
rCold   . . .      Faith    .   (no shield)
rNeg    . . .      Spirit   .   (helmet restricted)
rPois   .          Reflect  .   (no amulet)
rElec   .          Harm     .   b - ring of magical power
rCorr   +          Rampage  .   (no ring)
Will    .....                   (no ring)
Stlth   +++.......              (no ring)
HPRegen 0.17/turn               (no ring)
MPRegen 0.18/turn               (no ring)
                                (no ring)
                                (no ring)

@: no status effects
A: almost no armour, amphibious, 8 rings, camouflage 1, gelatinous body 1,
(nimble swimmer 1), tentacles
a: no special abilities


You were on level 6 of the Dungeon.
You visited 1 branch of the dungeon, and saw 6 of its levels.

You collected 311 gold pieces.

Inventory:

Hand Weapons
 A - the +8 dagger "Zyri" (weapon) {flame, rCorr}
   (You found it on level 5 of the Dungeon)

   It burns those it strikes, dealing additional fire damage.
   rCorr:     It protects you from acid and corrosion.
Jewellery
 b - a ring of magical power (left tentacle)
 z - a ring of flight
Wands
 l - a wand of light (9)
 x - a wand of polymorph (8)
Scrolls
 e - 3 scrolls of identify {unknown}
 f - 3 scrolls of magic mapping {unknown}
 g - 2 scrolls of brand weapon {unknown}
 j - 5 scrolls of butterflies {unknown}
 n - a scroll of blinking {unknown}
 p - a scroll of vulnerability {unknown}
 q - a scroll of fear {unknown}
 s - 2 scrolls of silence {unknown}
 u - 2 scrolls of enchant armour {unknown}
 v - a scroll of immolation {unknown}
 w - a scroll of noise {unknown}
 y - a scroll of teleportation {unknown}
Potions
 a - a potion of magic
 c - a potion of berserk rage {unknown}
 d - 4 potions of heal wounds {unknown}
 h - a potion of invisibility {unknown}
 i - 2 potions of degeneration {unknown}
 k - 2 potions of curing {unknown}
 m - 3 potions of lignification {unknown}
 o - 3 potions of cancellation {unknown}
 r - a potion of flight {unknown}
 t - a potion of brilliance {unknown}


   Skills:
 + Level 2.6 Fighting
 + Level 3.4 Dodging
 - Level 2.6 Stealth
 * Level 4.2 Spellcasting
 - Level 1.0 Transmutations
 + Level 8.8 Earth Magic


You had 9 spell levels left.
You knew the following spells:

 Your Spells              Type           Power      Damage    Failure   Level
a - Sandblast             Erth           74%        2d16      1%          1
b - Stone Arrow           Conj/Erth      40%        3d9       7%          3
c - Passwall              Tmut/Erth      18%        N/A       2%          2

Your spell library contained the following spells:

 Spells                   Type           Power      Damage    Failure   Level
 Petrify                  Tmut/Erth      22%        N/A       19%         4
 Ensorcelled Hibernation  Hex/Ice        8%         N/A       21%         2
 Spider Form              Tmut/Pois      5%         N/A       32%         3
 Dazzling Flash           Conj/Hex       8%         N/A       38%         3
 Summon Guardian Golem    Hex/Summ       4%         N/A       38%         3
 Anguish                  Hex/Necr       2%         N/A       80%         4
 Iskenderun's Mystic Bla  Conj/Tloc      4%         2d3       80%         4
 Starburst                Conj/Fire      2%         6d3       100%        6
 Orb of Destruction       Conj           2%         9d5       100%        7
 Spellforged Servitor     Conj/Summ      2%         N/A       100%        7


Dungeon Overview and Level Annotations

Branches:
Dungeon (6/15)
 Temple: D:4-7

Altars:
Trog

Shops:
D:2 !   D:6 (

Annotations:
D:4 exclusion: downstairs


Innate Abilities, Weirdness & Mutations

You cannot wear most types of armour.
You are amphibious.
You can wear up to eight rings at the same time.
Your skin changes colour to match your surroundings (Stealth+).
Your rubbery body absorbs attacks. (AC +1, EV +1)
((You are camouflaged when in or above water. (Stealth+)))
You have tentacles for arms and can constrict up to eight enemies at once.


Message History

The orc hits you with a +0 whip.
The orc priest calls down the wrath of Beogh upon you.
Beogh smites you! The orc barely misses you. Something hits you.
Casting: Sandblast (safe; 1% risk of failure)
Confirm with . or Enter, or press ? or * to list all spells.
Aiming: Sandblast (safe; 1% risk of failure)
Press: ? - help, Shift-Dir - straight line, f/p - orc priest
Aim: an orc priest, wielding a +2 whip of freezing and wearing a +0 scale mail (lightly wounded, 86% to hit)
The blast of sand hits the orc priest!
The orc priest is almost dead.
Something hits you.
The orc priest hits you with a +2 whip of freezing!
* * * LOW HITPOINT WARNING * * *
The orc priest freezes you.
* * * LOW HITPOINT WARNING * * *
The orc hits you with a +0 whip.
* * * LOW HITPOINT WARNING * * *
Okay, then.
Okay, then.
Casting: Sandblast (safe; 1% risk of failure)
Confirm with . or Enter, or press ? or * to list all spells.
Aiming: Sandblast (safe; 1% risk of failure)
Press: ? - help, Shift-Dir - straight line, f/p - orc priest
Aim: an orc priest, wielding a +2 whip of freezing and wearing a +0 scale mail (almost dead, 86% to hit)
The blast of sand hits the orc priest!
You kill the orc priest!
Something hits you.
* * * LOW HITPOINT WARNING * * *
The orc barely misses you. The orc hits you but does no damage.
Something hits you.
* * * LOW HITPOINT WARNING * * *
Casting: Sandblast (safe; 1% risk of failure)
Confirm with . or Enter, or press ? or * to list all spells.
Aiming: Stone Arrow (dangerous; 7% risk of failure)
Press: ? - help, Shift-Dir - straight line, f - orc
Aim: an orc, wielding a +0 whip and wearing a +0 leather armour (71% to hit)
The stone arrow hits the orc!
You kill the orc!
Something hits you.
You die...

........##
..../... .......
).... .... #.
##..# .#.#
##.))#
....###.!@###
............#
#.........##
.###...##..##
...#.##.....#
.....##....##
##.......####
..# ..........##
...............#


There were no monsters in sight!

Vanquished Creatures
  Prince Ribbit (D:5)
  An ice beast (D:6)
  Pargi (D:3)
  An ogre (D:6)
  A bullfrog (D:6)
  3 necrophages
  5 wights (D:6)
  A hound (D:4)
  2 jellies
  An orc priest (D:6)
  An orc wizard (D:6)
  2 iguanas
  A gnoll (D:3)
  6 adders
  A shadow imp (D:6)
  An ufetubus (D:4)
  14 orcs
  10 ball pythons
  8 endoplasms
  2 giant cockroaches (D:3)
  4 goblins
  4 hobgoblins
  2 jackals (D:4)
  3 bats
  2 frilled lizards
  9 kobolds
  4 rats
91 creatures vanquished.

Vanquished Creatures (others)
  A plant (D:6)
1 creature vanquished.

Grand Total: 92 creatures vanquished

Notes
Turn   | Place    | Note
-------+----------+-------------------------------------------
     0 | D:1      | 112233 the Octopode Earth Elementalist began the quest for
                  | the Orb.
     0 | D:1      | Reached XP level 1. HP: 11/11 MP: 3/3
   124 | D:1      | Found a faded altar of an unknown god.
   280 | D:1      | Reached XP level 2. HP: 17/17 MP: 5/5
   791 | D:1      | Reached skill level 4 in Earth Magic
  1117 | D:1      | Reached XP level 3. HP: 21/21 MP: 6/6
  1550 | D:2      | Found Qush's Distillery.
  1753 | D:3      | Found a bloodstained altar of Trog.
  2101 | D:3      | Reached XP level 4. HP: 27/27 MP: 7/7
  2304 | D:3      | Reached skill level 5 in Earth Magic
  2482 | D:3      | Noticed Pargi
  2487 | D:3      | Killed Pargi
  2488 | D:3      | Reached skill level 6 in Earth Magic
  2488 | D:3      | Reached XP level 5. HP: 31/31 MP: 8/8
  2806 | D:4      | Learned a level 3 spell: Stone Arrow
  2809 | D:4      | Learned a level 2 spell: Passwall
  3123 | D:4      | Reached XP level 6. HP: 33/36 MP: 9/9
  3286 | D:4      | Reached skill level 7 in Earth Magic
  3375 | D:4      | Noticed a black bear
  3405 | D:5      | Entered Level 5 of the Dungeon
  3438 | D:5      | Noticed a black bear
  3843 | D:5      | Identified the +8 dagger "Zyri" {flame, rCorr}
  3865 | D:5      | Noticed Prince Ribbit
  3872 | D:5      | Killed Prince Ribbit
  3873 | D:5      | Reached skill level 8 in Earth Magic
  3873 | D:5      | Reached XP level 7. HP: 41/41 MP: 10/10
  3910 | D:6      | Found Wimases's Hydra Hut.
  3913 | D:6      | Noticed an eight-headed hydra
  4140 | D:6      | Reached skill level 1 in Fighting
  4205 | D:6      | Reached XP level 8. HP: 26/48 MP: 12/12
  4676 | D:6      | HP: 1/51 [something (2)]
  4677 | D:6      | Slain by an orc wizard

Illustrated notes

Levels and vault maps discovered:
D:1:      dpeg_arrival_erosion, layout_loops_cross, serial_co_window_serial,
          co_window_paths_b, co_window_of_opportunity_a, co_window_paths_a,
          co_window_paths_b, co_window_corner_a, co_window_paths_c,
          co_window_broadway_c, co_window_corner_cb, co_window_corner_cb,
          co_window_4corner_b, glass_columns_a, glass_columns_a,
          glass_columns_b, glass_columns_a, ebering_ecumenical_altar_webs
D:2:      layout_basic, serial_shops, shop
D:3:      layout_basic, nicolae_overflow_hidden_temple, minmay_close_crescents,
          uniq_pargi
D:4:      layout_basic
D:5:      layout_rooms, ebering_ghost_inner_flame, uniq_prince_ribbit1
D:6:      layout_cave_pools, minivault_10, doesnt_shop_hydraphobe

Skill      XL: |  1  2  3  4  5  6  7  8 |
---------------+-------------------------+-----
Earth Magic    | 4 6 8 |  8.8
Fighting       | 1 2 |  2.6
Spellcasting   | 3 4 |  4.2
Dodging        | 3 |  3.4
Stealth        | |  2.6
Transmutations | |  1.0

Action                   |  1- 3 |  4- 6 |  7- 9 || total
-------------------------+-------+-------+-------++-------
Melee: Unarmed           |     2 |     3 |       ||     5
       Constrict         |     2 |       |       ||     2
       Tentacles         |       |     1 |       ||     1
 Cast: Sandblast         |    42 |    57 |    44 ||   143
       Stone Arrow       |       |       |     8 ||     8
Evoke: Wand              |       |     1 |       ||     1
 Stab: Sleeping          |       |     1 |       ||     1
Armor: Skin              |       |     2 |     2 ||     4
Dodge: Dodged            |    16 |    27 |    13 ||    56
